 Dungeon Sprint DCSS version 0.17-a0-1741-gd5e8965 (webtiles) character file.

20300000 ztt the Plane Walker (level 27, -142/273 HPs)
             Began as a Ghoul Warper on Aug 31, 2015.
             Was the Champion of Makhleb.
             Annihilated by a fleshlord
             ... wielding a +9 great mace
              (415 damage)
             ... in the Dungeon (Sprint VIII: "Arena of Blood").
             The game lasted 00:03:59 (203 turns).

ztt the Plane Walker (Ghoul Warper)                  Turns: 203, Time: 00:03:59

Health: -142/273   AC:  6    Str: 19    XL:     27
Magic:  53/53      EV: 32    Int:  8    God:    Makhleb [******]
Gold:   0          SH:  0    Dex: 17    Spells: 1 memorised, 79 levels left

rFire  + . .     SeeInvis +     l - +∞ Axe of Woe
rCold  + . .     Clarity  .     b - +0 leather armour
rNeg   + + +     SustAt   .     (no shield)
rPois  ∞         Gourm    .     (no helmet)
rElec  .         Spirit   .     (no cloak)
rCorr  .         Warding  .     (no gloves)
rMut   .         NoTele   +     (no boots)
MR     ++...                    (no amulet)
Stlth  +++++++++.               o - ring of protection from fire
                                m - ring of see invisible

@: marked, rotting, slowed, very slow, very resistant to hostile enchantments,
incredibly stealthy
A: rotting body, claws 1, carnivore 3, cold resistance 1, negative energy
resistance 3, slow healing 1, torment resistance, unbreathing
a: Minor Destruction, Lesser Servant of Makhleb, Major Destruction, Greater
Servant of Makhleb, Renounce Religion


You were in the Dungeon.
You worshipped Makhleb.
Makhleb was exalted by your worship.
You were not hungry.

You visited 1 branch

Inventory:

Hand weapons
 a - a +0 hand axe
 l - the +∞ Axe of Woe (weapon)
   (You found it in the Dungeon)
Missiles
 e - 5 tomahawks of dispersal (quivered)
Armour
 b - a +0 leather armour (worn)
Jewellery
 m - a ring of see invisible (left claw)
 n - a +200 ring of slaying
 o - a ring of protection from fire (right claw)
Scrolls
 d - 2 scrolls of blinking
Potions
 g - a potion of curing
 h - a potion of heal wounds
 i - a potion of haste
 j - 2 potions of magic
 k - a potion of berserk rage
Books
 c - a book of Spatial Translocations

   Spells                             Type                      Level
   a - Apportation                    Translocation                1
   b - Blink                          Translocation                2
   c - Shroud of Golubria             Charms/Translocation         2
   d - Portal Projectile              Translocation                3
   e - Teleport Other                 Translocation                3
   f - Passage of Golubria            Translocation                4
Comestibles
 f - a meat ration


   Skills:
 O Level 27 Fighting
 O Level 27 Axes
 O Level 27 Throwing
 O Level 27 Armour
 O Level 27 Dodging
 O Level 27 Stealth
 O Level 27 Unarmed Combat
 O Level 27 Spellcasting
 O Level 27 Translocations
 O Level 27 Invocations


You had 79 spell levels left.
You knew the following spells:

 Your Spells              Type           Power        Failure   Level  Hunger
a - Apportation           Tloc           ######....   0%          1    None


Dungeon Overview and Level Annotations

Branches:
Dungeon (1/1)

Altars:
Makhleb


Innate Abilities, Weirdness & Mutations

Your body is rotting away.
You thrive on raw meat.
You are immune to poison.
You have sharp fingernails.
You are carnivorous and can eat meat at any time.
Your flesh is cold resistant.
You are immune to negative energy.
You heal slowly when monsters are visible.
You are immune to unholy pain and torment.
You can survive without breathing.


Message History

You kill the observer!
Makhleb accepts your kill.
You feel better.
You slash the scourge!
You fatally mangle the scourge.
You kill the scourge!
Makhleb accepts your kill.
You slash the bag of meat!
You dissect the bag of meat like a pig carcass.
You kill the bag of meat!
Makhleb accepts your kill.
You hear a shout!
The fleshlord gestures at you while chanting.
You barely resist. The observer gazes at you. The bolt of fire misses you.
You hear a shout! x2
The dread is engulfed in roaring flames.
You hear a shout! x3
The fleshlord hits you with a +9 great mace!!!!!!
Ouch! That really hurt!
You die...

... #.p..##pp ...
#.ooO.#p ....
#o....W ##.........
#C...M##.p..#......
#oCo.#.z.D....#....
#.ooo#S..W.........
#§p)pDM........%.##
#.@W§SW2G..........
#§Xx)Gxo.S.........
#..)§pO...#........
#..))p.GD#.#S#.....
#..)..S.GS#§#......
#..###.CG#.#.#.....
#... ##...#.#..%..#
#... #..W......)X.
#.. ....##......)##


You could see 2 accurseds, a meat beast, 3 eight-headed meat hydras, 5
observers, 5 scourges, 9 fleshlords, a sculptor of flesh, 3 large bags of meat,
a large abomination, 2 wretched souls, 3 dreads, 2 meat berserkers, a small
abomination and 9 bags of meat.

Vanquished Creatures
  9 hell knights (D)
  Sigmund (D)
  14 hell beasts (D)
  7 greater mummies (D)
  13 great orbs of eyes (D)
  8 wraiths (D)
  15 vampire knights (D)
  34 ogres (D)
  6 liches (D)
  10 hydras (D)
  68 orcs (D)
  9 phantoms (D)
  6 hill giants (D)
  8 skeletal warriors (D)
  7 sea snakes (D)
  8 large abominations (D)
  10 small abominations (D)
  12 crawling corpses (D)
245 creatures vanquished.

Vanquished Creatures (others)
  3 crawling corpses (D)
3 creatures vanquished.

Grand Total: 248 creatures vanquished

Notes
Turn   | Place    | Note
--------------------------------------------------------------
     0 | D        | ztt the Ghoul Warper began the quest for the Orb.
     0 | D        | Reached XP level 1. HP: 17/17 MP: 2/2
     3 | D        | Noticed a bag of meat
     4 | D        | Became a worshipper of Makhleb the Destroyer
     5 | D        | Noticed a bag of meat
     5 | D        | Noticed a bag of meat
     6 | D        | Noticed a bag of meat
     6 | D        | Noticed a meat berserker
     7 | D        | Noticed a bag of meat
     7 | D        | Killed a bag of meat
     7 | D        | Reached skill level 11 in Fighting
     7 | D        | Reached skill level 10 in Axes
     7 | D        | Reached skill level 10 in Spellcasting
     7 | D        | Reached skill level 17 in Translocations
     7 | D        | Reached XP level 2. HP: 20/40 MP: 2/12
     7 | D        | Reached XP level 3. HP: 23/47 MP: 2/13
     7 | D        | Reached XP level 4. HP: 26/55 MP: 2/15
     7 | D        | Reached XP level 5. HP: 28/61 MP: 2/16
     7 | D        | Reached XP level 6. HP: 31/68 MP: 2/18
     7 | D        | Reached XP level 7. HP: 33/74 MP: 2/19
     7 | D        | Reached XP level 8. HP: 36/82 MP: 2/21
     7 | D        | Reached XP level 9. HP: 39/89 MP: 2/22
     7 | D        | Reached XP level 10. HP: 42/96 MP: 2/23
     7 | D        | Reached XP level 11. HP: 44/102 MP: 2/24
     7 | D        | Reached XP level 12. HP: 47/110 MP: 2/25
     7 | D        | Killed a bag of meat
     7 | D        | Acquired Makhleb's first power
     7 | D        | Reached skill level 20 in Translocations
     7 | D        | Reached XP level 13. HP: 49/119 MP: 2/27
     7 | D        | Noticed a bag of meat
     8 | D        | Noticed a meat berserker
     8 | D        | Noticed a bag of meat
     8 | D        | Killed a meat berserker
     8 | D        | Reached skill level 15 in Fighting
     8 | D        | Reached skill level 5 in Throwing
     8 | D        | Reached skill level 5 in Armour
     8 | D        | Reached skill level 23 in Translocations
     8 | D        | Reached XP level 14. HP: 127/135 MP: 2/30
     9 | D        | Noticed a bag of meat
     9 | D        | Killed a bag of meat
     9 | D        | Acquired Makhleb's second power
     9 | D        | Reached skill level 24 in Translocations
     9 | D        | Reached XP level 15. HP: 105/143 MP: 2/32
    10 | D        | Noticed a bag of meat
    10 | D        | Noticed a bag of meat
    11 | D        | Noticed a meat berserker
    11 | D        | Noticed a bag of meat
    11 | D        | Noticed a meat berserker
    11 | D        | Killed a bag of meat
    11 | D        | Reached skill level 15 in Axes
    11 | D        | Reached skill level 15 in Spellcasting
    11 | D        | Reached skill level 25 in Translocations
    11 | D        | Killed a meat berserker
    11 | D        | Acquired Makhleb's third power
    11 | D        | Reached skill level 15 in Dodging
    11 | D        | Reached skill level 26 in Translocations
    11 | D        | Reached XP level 16. HP: 152/157 MP: 3/35
    12 | D        | Noticed a bag of meat
    12 | D        | Killed a bag of meat
    12 | D        | Reached skill level 27 in Translocations
    13 | D        | Noticed a meat berserker
    13 | D        | Noticed a bag of meat
    13 | D        | Noticed a bag of meat
    13 | D        | Killed a bag of meat
    13 | D        | Acquired Makhleb's fourth power
    13 | D        | Reached XP level 17. HP: 165/171 MP: 3/38
    13 | D        | Killed a bag of meat
    13 | D        | Killed a meat berserker
    13 | D        | Reached XP level 18. HP: 180/188 MP: 3/41
    14 | D        | Noticed a bag of meat
    14 | D        | Killed a meat berserker
    14 | D        | Acquired Makhleb's fifth power
    15 | D        | Noticed a bag of meat
    16 | D        | Noticed a large bag of meat
    16 | D        | Noticed a bag of meat
    16 | D        | Killed a bag of meat
    16 | D        | Killed a meat berserker
    16 | D        | Reached skill level 27 in Fighting
    16 | D        | Reached XP level 19. HP: 202/207 MP: 4/45
    16 | D        | Killed a bag of meat
    16 | D        | Reached skill level 10 in Throwing
    17 | D        | Killed a bag of meat
    18 | D        | Noticed a bag of meat
    18 | D        | Noticed a meat berserker
    19 | D        | Killed a bag of meat
    19 | D        | Reached skill level 10 in Armour
    20 | D        | Noticed a bag of meat
    20 | D        | Noticed a meat berserker
    20 | D        | Noticed a bag of meat
    21 | D        | Noticed a bag of meat
    21 | D        | Killed a bag of meat
    21 | D        | Reached skill level 27 in Axes
    21 | D        | Reached XP level 20. HP: 216/216 MP: 6/48
    21 | D        | Killed a bag of meat
    22 | D        | Killed a meat berserker
    22 | D        | Reached skill level 27 in Dodging
    22 | D        | Reached skill level 27 in Spellcasting
    22 | D        | Killed a bag of meat
    22 | D        | Reached XP level 21. HP: 224/224 MP: 6/51
    23 | D        | Noticed a bag of meat
    23 | D        | Noticed a bag of meat
    23 | D        | Noticed a bag of meat
    23 | D        | Killed a bag of meat
    24 | D        | Noticed a meat berserker
    25 | D        | Noticed a bag of meat
    25 | D        | Noticed a bag of meat
    25 | D        | Killed a meat berserker
    25 | D        | Killed a bag of meat
    26 | D        | Noticed a bag of meat
    26 | D        | Noticed a bag of meat
    26 | D        | Noticed a bag of meat
    26 | D        | Noticed a large bag of meat
    27 | D        | Noticed a bag of meat
    27 | D        | Noticed a large bag of meat
    27 | D        | Killed a bag of meat
    27 | D        | Killed a bag of meat
    27 | D        | Reached XP level 22. HP: 230/233 MP: 7/52
    28 | D        | Noticed a meat berserker
    28 | D        | Noticed a destroyer
    29 | D        | Noticed an eight-headed meat hydra
    29 | D        | Noticed a bag of meat
    29 | D        | Killed a meat berserker
    29 | D        | Reached skill level 27 in Throwing
    29 | D        | Reached skill level 27 in Armour
    29 | D        | Killed a bag of meat
    29 | D        | Reached skill level 10 in Stealth
    30 | D        | Noticed a bag of meat
    30 | D        | Noticed a large bag of meat
    30 | D        | Killed a bag of meat
    30 | D        | Killed a large bag of meat
    30 | D        | Reached skill level 15 in Unarmed Combat
    30 | D        | Reached skill level 15 in Invocations
    31 | D        | Killed a bag of meat
    31 | D        | Reached XP level 23. HP: 240/240 MP: 8/53
    32 | D        | Killed a bag of meat
    32 | D        | Killed a large bag of meat
    32 | D        | Killed a destroyer
    32 | D        | Killed a bag of meat
    32 | D        | Killed a bag of meat
    32 | D        | Reached skill level 27 in Stealth
    33 | D        | Killed a nine-headed meat hydra
    33 | D        | Reached skill level 27 in Unarmed Combat
    33 | D        | Reached skill level 27 in Invocations
    33 | D        | Reached XP level 24. HP: 249/249 MP: 9/53
    33 | D        | Killed a bag of meat
    34 | D        | Noticed a meat berserker
    34 | D        | Noticed a meat berserker
    34 | D        | Noticed a bag of meat
    34 | D        | Killed a meat berserker
    34 | D        | Killed a bag of meat
    35 | D        | Noticed a destroyer
    35 | D        | Killed a bag of meat
    36 | D        | Noticed a bag of meat
    36 | D        | Noticed a meat berserker
    36 | D        | Killed a bag of meat
    36 | D        | Reached XP level 25. HP: 257/257 MP: 9/53
    37 | D        | Noticed a bag of meat
    37 | D        | Killed a bag of meat
    38 | D        | Noticed a destroyer
    38 | D        | Noticed a bag of meat
    38 | D        | Killed a bag of meat
    39 | D        | Noticed an eight-headed meat hydra
    39 | D        | Noticed a meat berserker
    39 | D        | Killed a meat berserker
    39 | D        | Killed a destroyer
    39 | D        | Killed a large bag of meat
    39 | D        | Reached XP level 26. HP: 266/266 MP: 10/53
    40 | D        | Noticed a bag of meat
    40 | D        | Noticed a large bag of meat
    40 | D        | Noticed a destroyer
    40 | D        | Killed a meat berserker
    40 | D        | Killed a large bag of meat
    40 | D        | Killed a destroyer
    41 | D        | Noticed a bag of meat
    41 | D        | Noticed a sculptor of flesh
    41 | D        | Noticed a bag of meat
    41 | D        | Noticed a destroyer
    41 | D        | Killed a bag of meat
    41 | D        | Killed a destroyer
    41 | D        | Reached XP level 27. HP: 273/273 MP: 10/53
    42 | D        | Noticed a bag of meat
    42 | D        | Noticed a destroyer
    42 | D        | Noticed a destroyer
    42 | D        | Killed a meat berserker
    42 | D        | Killed a bag of meat
    42 | D        | Noticed a bag of meat
    43 | D        | Noticed a bag of meat
    43 | D        | Killed a bag of meat
    44 | D        | Noticed a bag of meat
    44 | D        | Killed a bag of meat
    44 | D        | Killed a meat berserker
    45 | D        | Noticed a meat berserker
    45 | D        | Noticed a bag of meat
    46 | D        | Noticed a tyrant
    46 | D        | Noticed an accursed
    46 | D        | Killed a destroyer
    46 | D        | Killed a bag of meat
    47 | D        | Killed a bag of meat
    47 | D        | Killed a destroyer
    48 | D        | Noticed a sculptor of flesh
    48 | D        | Killed a nine-headed meat hydra
    48 | D        | Killed a bag of meat
    49 | D        | Noticed a destroyer
    49 | D        | Killed a bag of meat
    50 | D        | Noticed a meat berserker
    50 | D        | Killed a sculptor of flesh
    50 | D        | Killed a bag of meat
    50 | D        | Killed a bag of meat
    51 | D        | Noticed a destroyer
    51 | D        | Killed a destroyer
    51 | D        | Killed a bag of meat
    51 | D        | Killed a large bag of meat
    51 | D        | Killed a meat berserker
    51 | D        | Killed a meat berserker
    52 | D        | Noticed a meat berserker
    52 | D        | Noticed an accursed
    52 | D        | Killed a bag of meat
    52 | D        | Killed a destroyer
    53 | D        | Noticed a sculptor of flesh
    53 | D        | Killed a bag of meat
    54 | D        | Noticed a tyrant
    55 | D        | Killed a meat berserker
    56 | D        | Killed an accursed
    57 | D        | Killed a destroyer
    58 | D        | Killed a bag of meat
    58 | D        | Killed an accursed
    58 | D        | Killed a sculptor of flesh
    59 | D        | Killed a tyrant
    59 | D        | Killed a tyrant
    60 | D        | Noticed a meat berserker
    62 | D        | Killed a sculptor of flesh
    64 | D        | Noticed a meat beast
    64 | D        | Noticed a destroyer
    65 | D        | Killed a meat berserker
    67 | D        | Noticed a meat beast
    67 | D        | Noticed a meat beast
    68 | D        | Noticed a dread
    68 | D        | Killed a meat beast
    68 | D        | Killed a destroyer
    70 | D        | Noticed a bag of meat
    70 | D        | Killed a meat beast
    72 | D        | Noticed a dread
    72 | D        | Killed a meat beast
    72 | D        | Noticed a destroyer
    74 | D        | Noticed a dread
    74 | D        | Noticed a dread
    76 | D        | Noticed a wretched soul
    76 | D        | Killed a bag of meat
    77 | D        | Noticed a dread
    77 | D        | Killed a destroyer
    78 | D        | Killed a dread
    78 | D        | Killed a wretched soul
    79 | D        | Noticed a wretched soul
    81 | D        | Killed a dread
    82 | D        | Noticed a meat berserker
    83 | D        | Killed a dread
    84 | D        | Killed a wretched soul
    85 | D        | Noticed a meat berserker
    85 | D        | Noticed a tyrant
    85 | D        | Noticed a bag of meat
    85 | D        | Noticed a bag of meat
    86 | D        | Noticed a wretched soul
    86 | D        | Killed a dread
    87 | D        | Killed a dread
    88 | D        | Killed a meat berserker
    90 | D        | Noticed a bag of meat
    90 | D        | Killed a meat berserker
    91 | D        | Killed a wretched soul
    92 | D        | Noticed an accursed
    93 | D        | Noticed a meat berserker
    93 | D        | Killed a tyrant
    94 | D        | Killed a bag of meat
    95 | D        | Noticed a meat berserker
    96 | D        | Noticed an accursed
    97 | D        | Noticed an observer
    97 | D        | Killed an accursed
    97 | D        | Killed a bag of meat
    99 | D        | Noticed an accursed
    99 | D        | Killed a meat berserker
    99 | D        | Killed a bag of meat
   100 | D        | Killed a meat berserker
   102 | D        | Noticed a tyrant
   102 | D        | Noticed an observer
   102 | D        | Killed an observer
   104 | D        | Noticed a tyrant
   105 | D        | Killed an observer
   108 | D        | Killed a tyrant
   109 | D        | Killed an accursed
   110 | D        | Noticed a bag of meat
   111 | D        | Noticed a meat beast
   111 | D        | Noticed a meat beast
   111 | D        | Noticed a meat berserker
   114 | D        | Killed a meat berserker
   115 | D        | Killed a meat beast
   116 | D        | Killed an accursed
   117 | D        | Killed a bag of meat
   118 | D        | Killed a tyrant
   119 | D        | Noticed a meat berserker
   120 | D        | Noticed an accursed
   121 | D        | Noticed a bag of meat
   121 | D        | Noticed a meat beast
   122 | D        | Noticed a dread
   124 | D        | Noticed a meat berserker
   124 | D        | Killed a meat berserker
   125 | D        | Noticed an observer
   125 | D        | Noticed a fleshlord
   125 | D        | Killed a meat beast
   126 | D        | Killed a meat beast
   127 | D        | Noticed a bag of meat
   130 | D        | Noticed a fleshlord
   130 | D        | Killed a meat berserker
   131 | D        | Killed an observer
   131 | D        | Killed a dread
   132 | D        | Noticed a fleshlord
   132 | D        | Noticed a fleshlord
   132 | D        | Killed a bag of meat
   132 | D        | Killed a fleshlord
   134 | D        | Killed a bag of meat
   136 | D        | Killed a fleshlord
   139 | D        | Killed a fleshlord
   139 | D        | Killed a fleshlord
   140 | D        | Noticed a destroyer
   140 | D        | Noticed a meat beast
   140 | D        | Noticed a fleshlord
   141 | D        | Killed an accursed
   142 | D        | Noticed a meat berserker
   142 | D        | Killed a meat beast
   144 | D        | Noticed an observer
   144 | D        | Noticed an observer
   145 | D        | Noticed an observer
   146 | D        | Killed a fleshlord
   147 | D        | Killed a meat berserker
   148 | D        | Killed a destroyer
   148 | D        | Killed an observer
   149 | D        | Noticed a sculptor of flesh
   150 | D        | Killed an observer
   152 | D        | Noticed a wretched soul
   152 | D        | Noticed a sculptor of flesh
   152 | D        | Noticed a meat berserker
   152 | D        | Killed an observer
   153 | D        | Noticed a destroyer
   153 | D        | Killed a destroyer
   154 | D        | Noticed an observer
   154 | D        | Noticed a dread
   154 | D        | Killed a sculptor of flesh
   155 | D        | Noticed an observer
   155 | D        | Noticed a wretched soul
   155 | D        | Killed a dread
   156 | D        | Killed a meat berserker
   158 | D        | Killed a sculptor of flesh
   159 | D        | Noticed a bag of meat
   159 | D        | Noticed a dread
   159 | D        | Killed a wretched soul
   161 | D        | Killed a wretched soul
   162 | D        | Noticed a sculptor of flesh
   162 | D        | Killed an observer
   162 | D        | Noticed a fleshlord
   164 | D        | Killed a bag of meat
   165 | D        | Noticed a meat berserker
   165 | D        | Killed a dread
   165 | D        | Killed a sculptor of flesh
   166 | D        | Killed an observer
   167 | D        | Noticed a sculptor of flesh
   167 | D        | Noticed an observer
   168 | D        | Noticed a meat berserker
   168 | D        | Killed a fleshlord
   168 | D        | Noticed a bag of meat
   169 | D        | Noticed a bag of meat
   169 | D        | Noticed a meat beast
   169 | D        | Killed a meat berserker
   171 | D        | Noticed a fleshlord
   171 | D        | Noticed an observer
   171 | D        | Killed a meat berserker
   172 | D        | Noticed a fleshlord
   172 | D        | Killed a meat beast
   173 | D        | Killed an observer
   174 | D        | Noticed a wretched soul
   174 | D        | Noticed a tyrant
   175 | D        | Noticed a bag of meat
   175 | D        | Killed a bag of meat
   175 | D        | Killed a bag of meat
   176 | D        | Killed a fleshlord
   176 | D        | Killed an observer
   177 | D        | Noticed a bag of meat
   177 | D        | Killed a fleshlord
   178 | D        | Noticed a meat berserker
   178 | D        | Noticed an observer
   179 | D        | Noticed a bag of meat
   179 | D        | Killed a sculptor of flesh
   180 | D        | Noticed a bag of meat
   180 | D        | Noticed an accursed
   180 | D        | Noticed a bag of meat
   180 | D        | Noticed a wretched soul
   180 | D        | Killed a bag of meat
   180 | D        | Killed a tyrant
   181 | D        | Noticed a large bag of meat
   182 | D        | Killed a meat berserker
   182 | D        | Killed a bag of meat
   182 | D        | Killed a wretched soul
   183 | D        | Noticed a bag of meat
   183 | D        | Noticed a bag of meat
   183 | D        | Noticed a bag of meat
   183 | D        | Noticed The Captor
   184 | D        | Noticed a bag of meat
   184 | D        | Noticed a bag of meat
   185 | D        | Killed a bag of meat
   185 | D        | Killed an observer
   185 | D        | Killed a wretched soul
   185 | D        | Killed a bag of meat
   186 | D        | Noticed a sculptor of flesh
   187 | D        | Killed a bag of meat
   187 | D        | Killed a large bag of meat
   187 | D        | Killed a bag of meat
   188 | D        | Killed a bag of meat
   188 | D        | Killed an accursed
   189 | D        | Killed a bag of meat
   189 | D        | Killed a bag of meat
   189 | D        | Killed a bag of meat
   190 | D        | Noticed an observer
   190 | D        | Noticed a meat beast
   190 | D        | Noticed a fleshlord
   190 | D        | Killed The Captor
   191 | D        | Noticed a bag of meat
   192 | D        | Noticed a bag of meat
   192 | D        | Noticed a bag of meat
   192 | D        | Noticed a meat berserker
   192 | D        | Noticed a wretched soul
   192 | D        | Killed a sculptor of flesh
   193 | D        | Noticed a wretched soul
   193 | D        | Killed a meat beast
   194 | D        | Noticed a bag of meat
   194 | D        | Noticed a meat berserker
   194 | D        | Noticed a meat beast
   195 | D        | Noticed a bag of meat
   195 | D        | Noticed a meat berserker
   195 | D        | Noticed a meat beast
   195 | D        | Noticed an accursed
   195 | D        | Noticed a meat beast
   195 | D        | Killed an observer
   196 | D        | Noticed a meat berserker
   196 | D        | Noticed a bag of meat
   196 | D        | Noticed a meat berserker
   196 | D        | Noticed a destroyer
   196 | D        | Killed a wretched soul
   197 | D        | Noticed a bag of meat
   197 | D        | Noticed an observer
   197 | D        | Noticed a dread
   197 | D        | Noticed a meat beast
   197 | D        | Killed a bag of meat
   197 | D        | Killed a fleshlord
   197 | D        | Killed a meat berserker
   198 | D        | Noticed a bag of meat
   198 | D        | Noticed a fleshlord
   198 | D        | Noticed a large bag of meat
   198 | D        | Noticed a meat beast
   198 | D        | Noticed a fleshlord
   198 | D        | Noticed an observer
   198 | D        | Killed a meat beast
   198 | D        | Killed a meat beast
   198 | D        | Killed a meat beast
   198 | D        | Killed a meat berserker
   199 | D        | Noticed a bag of meat
   199 | D        | Noticed an observer
   199 | D        | Noticed a fleshlord
   199 | D        | Killed a destroyer
   199 | D        | Killed a meat berserker
   200 | D        | Noticed a large bag of meat
   200 | D        | Noticed a destroyer
   200 | D        | Noticed a wretched soul
   200 | D        | Noticed a fleshlord
   200 | D        | Noticed a sculptor of flesh
   200 | D        | Killed a meat beast
   200 | D        | Killed a meat berserker
   200 | D        | Killed a wretched soul
   201 | D        | Noticed a bag of meat
   201 | D        | Noticed a bag of meat
   201 | D        | Noticed a meat berserker
   201 | D        | Noticed an accursed
   201 | D        | Noticed a wretched soul
   201 | D        | Noticed a meat beast
   201 | D        | Killed a bag of meat
   201 | D        | Killed a meat beast
   201 | D        | Killed a meat berserker
   202 | D        | Noticed a bag of meat
   202 | D        | Noticed a bag of meat
   202 | D        | Noticed a large bag of meat
   202 | D        | Noticed an observer
   202 | D        | Noticed a meat berserker
   202 | D        | Noticed a fleshlord
   202 | D        | Killed a destroyer
   202 | D        | Killed a bag of meat
   203 | D        | Noticed a dread
   203 | D        | Noticed a dread
   203 | D        | Noticed a fleshlord
   203 | D        | Noticed a meat berserker
   203 | D        | Noticed a bag of meat
   203 | D        | Noticed an observer
   203 | D        | Noticed an observer
   203 | D        | Noticed a meat beast
   203 | D        | Killed an observer
   203 | D        | Killed a bag of meat
   203 | D        | Annihilated by a fleshlord

Vault maps used:
D:        meatsprint

Action                   |  1- 3 |  4- 6 |  7- 9 | 10-12 | 13-15 | 16-18 | 19-21 | 22-24 | 25-27 || total
-------------------------+-------+-------+-------+-------+-------+-------+-------+-------+-------++-------
Melee: Executioner's axe |     1 |       |       |       |     3 |     4 |     7 |     8 |   121 ||   144
 Cast: Apportation       |       |       |       |       |       |       |       |       |     2 ||     2
